 Dungeon Crawl Stone Soup version 0.25.0-46-gbd7b0854d2 (webtiles) character file.

Game seed: 6245435547858701038

111 Ethylacetat the Poker (level 4, 35/35 HPs)
             Began as a Demonspawn Gladiator on July 16, 2020.
             Got out of the dungeon alive.
             The game lasted 00:03:16 (1850 turns).

Ethylacetat the Poker (Demonspawn Gladiator)        Turns: 1850, Time: 00:03:16

Health: 35/35      AC:  6    Str: 15    XL:     4   Next: 62%
Magic:  4/4        EV: 12    Int: 10    God:
Gold:   116        SH:  0    Dex: 14    Spells: 3/3 levels left

rFire    . . .     SeeInvis .   a - +0 trident
rCold    . . .     Gourm    .   (no shield)
rNeg     . . .     Faith    .   b - +0 leather armour
rPois    .         Spirit   .   c - +0 helmet
rElec    .         Reflect  .   (no cloak)
rCorr    .         Harm     .   o - +1 pair of gloves
MR       .....                  (no boots)
Stlth    +.........             (no amulet)
HPRegen  0.11/turn              (no ring)
MPRegen  0.09/turn              (no ring)

@: no status effects
A: hooves 1, demonic guardian 1, rot immunity
a: no special abilities


You escaped.
You were not hungry.

You visited 1 branch of the dungeon, and saw 3 of its levels.

You collected 116 gold pieces.

Inventory:

Hand Weapons
 a - a +0 trident (weapon)
Missiles
 d - 3 throwing nets (quivered)
Armour
 b - a +0 leather armour (worn)
 c - a +0 helmet (worn)
 o - a +1 pair of gloves (worn)
Scrolls
 e - a scroll of enchant weapon {unknown}
 h - 2 scrolls of teleportation {unknown}
 k - a scroll of magic mapping {unknown}
 l - 2 scrolls of identify {unknown}
 p - a scroll of immolation {unknown}
 q - a scroll of blinking {unknown}
Potions
 i - 2 potions of degeneration {unknown}
 j - a potion of haste {unknown}
 m - a potion of might {unknown}
 n - a potion of curing {unknown}
Comestibles
 f - 10 rations
 g - a chunk of flesh


   Skills:
 + Level 3.1 Fighting
 * Level 4.3 Polearms
 - Level 1.7 Throwing
 - Level 2.6 Dodging


You had 3 spell levels left.
You didn't know any spells.
Your spell library was empty.

Dungeon Overview and Level Annotations

Branches:
Dungeon (3/15)

Altars:
Fedhas
Gozag
Sif Muna
Uskayaw


Innate Abilities, Weirdness & Mutations

You have large cloven feet.
A weak demonic guardian rushes to your aid.
You are immune to rotting.


Message History

Things that are here:
a +0 dagger; a goblin skeleton
There is a stone staircase leading down here.
There is a stone staircase leading up here.
You climb upwards.
There is a stone staircase leading down here.
You see here 18 stones.
You see here a +0 dagger.
You see here a mace.
There is an open door here.
Some of the chunks of flesh in your inventory have rotted away.
There is an open door here.
There is a stone staircase leading up here.
You climb upwards.
There is a stone staircase leading down here.
There is an open door here.
Some of the chunks of flesh in your inventory have rotted away.
There is a staircase leading out of the dungeon here.
Are you sure you want to leave the Dungeon?
This will make you lose the game!
You have escaped!

#.# #.####### #.# #)#
####.# #.# #.# #....##
#.# #.# #.##..# #.# #.#
##+###'## #.# #.#
#≈.§§§.≈# ##.##
#.###########§≈.≈§≈≈###
#...##
#.....).....#≈≈§..≈≈#.###
#....#
########.##...≈.@.§..)..#
#(...# #.####≈≈...≈§#.#.#
####.# #.# #≈≈.≈.≈≈###.#
#.. #.# #§(≈≈≈.≈# #.# #.#
#.# ##+###+## #.# #.# #.#
#..##..# #.# #÷. #.#
#.....## #.# #.#
#.####..#### #.# #.#
#...##..# #.# #.#


There were no monsters in sight!

Vanquished Creatures
  3 adders
  An ooze (D:1)
  2 worms (D:2)
  5 dart slugs
  2 leopard geckos
  An orc (D:2)
  7 bats
  2 giant cockroaches
  7 goblins
  6 hobgoblins
  2 jackals (D:1)
  9 kobolds
  4 ball pythons
  5 frilled lizards
  7 rats
63 creatures vanquished.

Notes
Turn   | Place    | Note
-------+----------+-------------------------------------------
     0 | D:1      | Ethylacetat the Demonspawn Gladiator began the quest for
                  | the Orb.
     0 | D:1      | Reached XP level 1. HP: 16/16 MP: 1/1
   102 | D:1      | Reached skill level 3 in Polearms
   108 | D:1      | Gained mutation: You are immune to rotting. [demonic
                  | ancestry]
   108 | D:1      | Reached XP level 2. HP: 15/22 MP: 2/2
   558 | D:1      | Gained mutation: You have large cloven feet. [demonic
                  | ancestry]
   558 | D:1      | Reached XP level 3. HP: 28/28 MP: 3/3
  1145 | D:2      | Found a blossoming altar of Fedhas.
  1214 | D:2      | Reached skill level 4 in Polearms
  1234 | D:2      | Gained mutation: A weak demonic guardian rushes to your
                  | aid. [demonic ancestry]
  1234 | D:2      | Reached XP level 4. HP: 34/34 MP: 4/4
  1281 | D:2      | Found a shimmering blue altar of Sif Muna.
  1308 | D:2      | Noticed a +0 dagger
  1310 | D:2      | Noticed a +0 dagger
  1315 | D:2      | Found a hide-covered altar of Uskayaw.
  1596 | D:3      | Found an opulent altar of Gozag.
  1850 | D:$      | Got out of the dungeon alive.

Illustrated notes

Levels and vault maps discovered:
D:1:      ncdulo_lavacross, layout_loops_ring
D:2:      layout_basic, led_sif_pool, overflow_temple_1_default,
          dancing_weapons_uskayaw, grunt_decor_fettered, corexii_shack,
          bh_chokoban
D:3:      layout_basic, okawaru_metal_pillars_1_2,
          nicolae_gozag_cash_rules_everything_around_me, first_ration,
          uniq_purgy

Skill      XL: |  1  2  3  4 |
---------------+-------------+-----
Polearms       | 3 4 |  4.3
Fighting       | 3 |  3.1
Throwing       | |  1.7
Dodging        | |  2.6

Action                   |  1- 3 |  4- 6 || total
-------------------------+-------+-------++-------
Melee: Trident           |   124 |    47 ||   171
       Kick              |    12 |     7 ||    19
  Eat: Chunk             |     1 |     2 ||     3
Armor: Leather armour    |    30 |    13 ||    43
Dodge: Dodged            |    49 |    21 ||    70
